 Dungeon Crawl Stone Soup version 0.24-a0-235-g3f03afc (webtiles) character file.

Game seed: 1431120862927507516

104 Azzok the Insei (level 4, -6/30 HPs)
             Began as an Octopode Transmuter on Apr 6, 2019.
             Killed by divine providence
             ... invoked by an orc priest
              (12 damage)
             ... on level 3 of the Dungeon.
             The game lasted 00:04:21 (2767 turns).

Azzok the Insei (Octopode Transmuter)               Turns: 2767, Time: 00:04:22

Health: -6/30      AC:  1    Str:  9    XL:     4   Next: 80%
Magic:  7/7        EV: 13    Int: 16    God:
Gold:   80         SH:  0    Dex: 12    Spells: 4/7 levels left

rFire    + . .     SeeInvis .   t - +2 dagger (venom)
rCold    . . .     Gourm    .   (no shield)
rNeg     . . .     Faith    .   (helmet restricted)
rPois    .         Spirit   .   (no amulet)
rElec    .         Reflect  .   g - ring of protection from fire
rCorr    .         Harm     .   (no ring)
MR       .....                  (no ring)
Stlth    ++........             (no ring)
HPRegen  0.10/turn              (no ring)
MPRegen  0.10/turn              (no ring)
                                (no ring)
                                (no ring)

@: no status effects
A: almost no armour, stealthy swim, amphibious, 8 rings, constrict 8, camouflage
1, gelatinous body 1
a: no special abilities


You were on level 3 of the Dungeon.
You were hungry.

You visited 1 branch of the dungeon, and saw 3 of its levels.

You collected 80 gold pieces.

Inventory:

Hand Weapons
 j - a +3 short sword of speed
 t - a +2 dagger of venom (weapon)
Missiles
 a - 10 arrows
Jewellery
 g - a ring of protection from fire (left tentacle)
 l - an uncursed ring of protection from magic {unknown}
 q - a +2 ring of evasion {unknown}
Wands
 u - a wand of clouds (6)
Scrolls
 b - 2 scrolls of identify {unknown}
 h - 3 scrolls of teleportation {unknown}
 k - 2 scrolls of noise {unknown}
 m - a scroll of remove curse {unknown}
 n - a scroll of random uselessness {unknown}
 o - a scroll of amnesia {unknown}
Potions
 d - a potion of agility {unknown}
 e - a potion of might {unknown}
 f - a potion of degeneration {unknown}
 i - a potion of curing {unknown}
 p - a potion of brilliance {unknown}
 r - a potion of cancellation {unknown}
 s - a potion of haste {unknown}
Comestibles
 c - 5 rations


   Skills:
 + Level 2.3 Fighting
 - Level 2.0 Dodging
 - Level 3.7 Unarmed Combat
 - Level 2.0 Spellcasting
 + Level 3.6 Transmutations


You had 4 spell levels left.
You knew the following spells:

 Your Spells              Type           Power        Failure   Level  Hunger
a - Beastly Appendage     Tmut           ##....       4%          1    #......
b - Sticks to Snakes      Tmut           ##......     7%          2    ###....

Your spell library contained the following spells:

 Spells                   Type           Power        Failure   Level  Hunger
 Spider Form              Tmut/Pois      #.........   30%         3    ###....
 Ice Form                 Ice/Tmut       #.......     69%         4    #####..
 Blade Hands              Tmut           ##........   78%         5    ######.


Dungeon Overview and Level Annotations

Branches:
Dungeon (3/15)

Altars:
Sif Muna

Annotations:
D:3 Robin


Innate Abilities, Weirdness & Mutations

You cannot wear most types of armour.
You are very stealthy in the water. (Stealth+)
You are amphibious.
You can wear up to eight rings at the same time.
You can use your tentacles to constrict eight enemies at once.
Your skin changes colour to match your surroundings (Stealth+).
Your rubbery body absorbs attacks. (AC +1, EV +1)


Message History

A goblin is nearby!
A goblin is nearby!
A goblin and an orc priest come into view.
The orc priest shouts!
You hear a shout! x2
An orc comes into view. It is wielding a +0 hand axe.
An orc comes into view. It is wielding a +0 flail.
A goblin comes into view. It is wielding a +0 club.
The goblin shouts! x2; You hear a shout!
The goblin shouts!
An orc wizard comes into view. It is wielding a +0 dagger.
The orc priest mumbles some strange prayers to Beogh against you.
Beogh smites you!
Robin of the Strong Arm comes into view.
She is wielding a +0 short sword.
An orc comes into view. It is wielding a +0 mace.
The orc priest mumbles some strange prayers to Beogh against you.
Beogh smites you!
* * * LOW HITPOINT WARNING * * *
Found a stone staircase leading up.
The orc priest mumbles some strange prayers to Beogh against you.
Beogh smites you!
You die...

▒··········▒
▒··········▒▒
▒····o·······
▒····(o····<·
▒····oo·g··▒ ▒·
▒▒▒···ggo····▒ ▒·
·▒ ········g····▒
▒· ·▒ ▒·▒ ▒·▒ ·▒
▒@▒ ▒·▒ ·▒
▒·▒▒▒▒▒▒▒▒▒·▒▒▒·▒
▒···············▒
▒·▒
▒·▒▒▒▒·········▒
▒·▒ ▒·▒
▒······▒▒·▒▒▒ ▒·▒
▒·▒▒▒▒·)▒▒▒▒▒▒···)
▒·▒
▒·······)····▒▒▒▒▒
▒·▒ ▒·▒▒▒▒··▒▒▒▒·▒
▒·▒ ▒·▒ ▒·······▒


You could see Robin, an orc priest, an orc wizard, 3 orcs and 3 goblins.

Vanquished Creatures
  Ijyb (D:3)
  An adder (D:2)
  2 oozes
  2 worms
  2 dart slugs (D:1)
  2 leopard geckos (D:3)
  An orc (D:3)
  5 bats (D:1)
  2 giant cockroaches (D:1)
  11 goblins
  5 hobgoblins
  3 jackals (D:2)
  4 kobolds (D:1)
  A frilled lizard (D:1)
  4 rats
46 creatures vanquished.

Notes
Turn   | Place    | Note
-------+----------+-------------------------------------------
     0 | D:1      | Azzok the Octopode Transmuter began the quest for the Orb.
     0 | D:1      | Reached XP level 1. HP: 13/13 MP: 3/3
    88 | D:1      | Reached XP level 2. HP: 10/18 MP: 5/5
   631 | D:1      | Reached XP level 3. HP: 21/23 MP: 4/6
  1653 | D:2      | Found a deep blue altar of Sif Muna.
  2061 | D:3      | Reached XP level 4. HP: 17/28 MP: 7/7
  2491 | D:3      | Noticed Ijyb
  2549 | D:3      | Learned a level 2 spell: Sticks to Snakes
  2579 | D:3      | Killed Ijyb
  2765 | D:3      | Noticed Robin
  2767 | D:3      | Killed from afar by an orc priest

Levels and vault maps discovered:
D:1:      scummos_arrival_gate, layout_basic, minmay_pentomino_p4
D:2:      layout_basic, lemuel_altar_in_water
D:3:      layout_loops_ring, kennysheep_generic_room_16, uniq_jessica,
          uniq_robin, uniq_ijyb

Skill      XL: |  1  2  3  4 |
---------------+-------------+-----
Transmutations | 3 |  3.6
Fighting       | 2 |  2.3
Dodging        | |  2.0
Unarmed Combat | |  3.7
Spellcasting   | |  2.0

Action                   |  1- 3 |  4- 6 || total
-------------------------+-------+-------++-------
Melee: Unarmed           |    55 |       ||    55
       Constrict         |    17 |     9 ||    26
       Tentacles         |     8 |     8 ||    16
       Punch             |     2 |     2 ||     4
       Short sword       |    26 |    31 ||    57
       Kick              |     1 |       ||     1
 Cast: Beastly Appendage |     1 |       ||     1
       Sticks to Snakes  |       |     2 ||     2
 Stab: Sleeping          |     5 |       ||     5
  Eat: Chunk             |     3 |     2 ||     5
Armor: Skin              |    15 |       ||    15
Dodge: Dodged            |    39 |    11 ||    50

Table legend:
 A = Non-vault XP
 B = Vault XP
 C = Vault XP percentage of total XP
 D = Non-vault monster count
 E = Vault monster count
 F = Vault count percentage of total count
                 A         B        C        D         E       F
            +---------+---------+-------+---------+---------+-------
      Total |      92 |      57 |  38.3 |      33 |      13 |  28.3
            +---------+---------+-------+---------+---------+-------
        D:1 |      41 |       6 |  12.8 |      19 |       4 |  17.4
        D:2 |      29 |       0 |   0.0 |       8 |       0 |   0.0
        D:3 |      22 |      51 |  69.9 |       6 |       9 |  60.0
            +---------+---------+-------+---------+---------+-------
